AoeStats
← Vujičič

QS Arena

503167252Analyzed
2v2 RM · 1mo ago on Aug 30, 2026· 52m 14s· 4 players
Game mode
Random Map
Map size
Medium (4 player)
Population
200
Speed
Normal
Resources
Standard
Victory
Conquest
Starting age
Dark Age
Ending age
Imperial Age
RankedLock teamsTeams togetherTeam positionsShared explorationLock speedFull tech treeHidden civsTurbo modeCheats
Victory
Defeat
🇩🇴 Sicilians · Dominican Republic
959
+14
🇳🇱 Goths · Netherlands
923
+16
🇨🇿 Turks · Czechia
926
-15
🇸🇰 Cumans · Slovakia
923
-15
Toluus
10:19 Feudal Age
9:24 Loom
21:33 Double-Bit Axe
34:22 Castle Age
33:59 Horse Collar
40:20 Imperial Age
41:32 Wheelbarrow
42:54 Gold Mining
45:16 Gold Shaft Mining
Vujičič
3:54 Loom
7:34 Feudal Age
9:31 Wheelbarrow
8:45 Double-Bit Axe
16:39 Horse Collar
21:26 Castle Age
20:02 Gold Mining
20:30 Scale Barding Armor
20:46 Bloodlines
21:33 Forging
22:58 Chain Barding Armor
24:38 Iron Casting
30:23 Hand Cart
40:48 Heavy Plow
41:09 Man-at-Arms
42:24 Squires
42:10 Arson
42:28 Scale Mail Armor
43:43 Long Swordsman
48:44 Chain Mail Armor
50:35 Light Cavalry
54:28 Imperial Age
bbastian
8:04 Feudal Age
9:38 Man-at-Arms
11:24 Wheelbarrow
14:09 Double-Bit Axe
14:38 Forging
14:28 Scale Mail Armor
15:07 Loom
15:08 Town Watch
17:51 Horse Collar
22:26 Castle Age
21:00 Fletching
21:04 Gold Mining
23:37 Hand Cart
24:44 Town Patrol
26:36 Pikeman
27:16 Squires
29:21 Long Swordsman
32:27 Bow Saw
35:40 Iron Casting
35:21 Chain Mail Armor
37:29 Anarchy
38:10 Heavy Plow
42:07 Imperial Age
41:44 Bodkin Arrow
41:50 Padded Archer Armor
42:38 Halberdier
42:39 Two-Handed Swordsman
42:52 Two-Handed Swordsman
43:56 Conscription
43:36 Perfusion
42:59 Elite Huskarl
44:03 Champion
44:46 Bracer
45:02 Leather Archer Armor
45:47 Blast Furnace
toirac
5:09 Loom
8:18 Feudal Age
10:21 Feudal Age
21:49 Wheelbarrow
25:05 Scale Mail Armor
28:22 Forging
45:32 Arson
45:24 Man-at-Arms
Connection lost

Rejoining the realm…

Still unreachable

The connection could not be restored.

Session expired

The server has moved on; the page needs a fresh start.